 Dungeon Crawl Stone Soup version 0.30.0-29-ga12c61a403 (webtiles) character file.

Game seed: 8697833862046930812

2554 croobank the Magician (level 9, -4/60 (66) HPs)
             Began as a Gnoll Fire Elementalist on June 7, 2023.
             Was an Elder of Zin.
             Slain by a wight
             ... wielding a +0 halberd
              (8 damage)
             ... on level 7 of the Dungeon.
             The game lasted 00:25:47 (7968 turns).

croobank the Magician (Gnoll Fire Elementalist)     Turns: 7968, Time: 00:25:48

HP:   -4/60 (66)    AC:  3    Str:  9    XL:     9   Next: 56%
MP:   8/28          EV: 20    Int: 21    God:    Zin [****..]
Gold: 274           SH:  0    Dex: 15    Spells: 6/21 levels left

rFire   . . .        f - +3 quick blade
rCold   . . .        (no shield)
rNeg    . . .        d - +0 robe
rPois   ∞            (no helmet)
rElec   .            (no cloak)
rCorr   .            (no gloves)
SInv    .            w - +0 pair of boots
Will    .....        (no amulet)
Stlth   +++          x - ring of magical power
HPRegen 0.30/turn    r - +5 ring of evasion
MPRegen 0.21/turn

%: no passive effects
@: vitalised, on recite cooldown, hasted, drained, very quick
A: fangs 1, strong nose, distributed training
a: Renounce Religion, Recite, Vitalisation, Imprison, Donate Gold


You were on level 7 of the Dungeon.
You worshipped Zin.
Zin was greatly pleased with you.
You visited 1 branch of the dungeon, and saw 7 of its levels.
You also visited: Sewer.

You collected 304 gold pieces.
You donated 30 gold pieces to Zin.

Inventory:

Hand Weapons
 a - a +3 dagger of venom
 b - a +0 sling
 c - a +1 dagger
 f - a +3 quick blade (weapon)
 l - a +0 falchion
Missiles
 k - 11 boomerangs (quivered)
Armour
 d - a +0 robe (worn)
 o - a +0 ring mail
 q - a +0 leather armour
 w - a +0 pair of boots (worn)
Jewellery
 e - a ring of protection from cold
 h - a ring of ice
 m - a ring of flight
 r - a +5 ring of evasion (right hand)
 x - a ring of magical power (left hand)
Wands
 i - a wand of charming (16)
Scrolls
 t - a scroll of identify
 v - 2 scrolls of teleportation
 y - a scroll of blinking {unknown}
 A - a scroll of acquirement {unknown}
 B - a scroll of fear {unknown}
Potions
 g - 3 potions of attraction
 j - a potion of curing
 n - a potion of lignification
 s - a potion of brilliance
 u - 2 potions of heal wounds
 z - a potion of berserk rage {unknown}


   Skills:
 + Level 4.5 Fighting
 + Level 4.5 Short Blades
 + Level 4.5 Long Blades
 + Level 4.5 Axes
 + Level 4.5 Maces & Flails
 + Level 4.5 Polearms
 + Level 4.5 Staves
 + Level 4.5 Ranged Weapons
 + Level 4.5 Throwing
 + Level 4.5 Armour
 + Level 6.5 Dodging
 + Level 6.2 Stealth
 + Level 4.5 Shields
 + Level 4.5 Unarmed Combat
 + Level 6.8 Spellcasting
 + Level 4.3 Conjurations
 + Level 3.7 Hexes
 + Level 3.7 Summonings
 + Level 3.7 Necromancy
 + Level 3.7 Translocations
 + Level 3.7 Transmutations
 + Level 6.7 Fire Magic
 + Level 3.7 Ice Magic
 + Level 3.7 Air Magic
 + Level 3.7 Earth Magic
 + Level 3.7 Poison Magic
 + Level 5.0 Invocations
 + Level 4.5 Evocations


You had 6 spell levels left.
You knew the following spells:

 Your Spells              Type           Power      Damage    Failure   Level
a - Foxfire               Conj/Fire      100%       2x1d9     1%          1
b - Scorch                Fire           70%        2d8       1%          2
c - Inner Flame           Hex/Fire       29%        N/A       3%          3
d - Flame Wave            Conj/Fire      30%        2d9       9%          4
e - Arcjolt               Conj/Air       12%        1d22      43%         5

Your spell library contained the following spells:

 Spells                   Type           Power      Damage    Failure   Level
 Sandblast                Erth           44%        2d11      1%          1
 Passwall                 Tmut/Erth      18%        N/A       3%          2
 Volatile Blastmotes      Fire/Tloc      58%        2d14      3%          3
 Stone Arrow              Conj/Erth      48%        3d10      4%          3
 Gell's Gravitas          Tloc           22%        N/A       6%          3
 Teleport Other           Tloc           22%        N/A       6%          3
 Vhi's Electric Charge    Tloc/Air       44%        N/A       6%          3
 Animate Armour           Summ/Erth      44%        N/A       19%         4
 Dispersal                Tloc           11%        N/A       96%         6
 Lehudib's Crystal Spear  Conj/Erth      12%        10d4      100%        8
 Maxwell's Capacitive Co  Air            11%        ∞         100%        8


Dungeon Overview and Level Annotations

Branches:
Dungeon (7/15)             Temple (0/1) D:5           Sewer (visited)

Altars:
Fedhas
Gozag
Kikubaaqudgha
Xom
Zin


Innate Abilities, Weirdness & Mutations

You have very sharp teeth.
Your uncanny sense of smell can sniff out nearby items.
Your experience applies equally to all skills.


Message History

Casting: Flame Wave (dangerous; 11% risk of failure)
Press: ? - help, Dir - look around, f - activate A wave of flame ripples out!
The flame wave engulfs the wight.
The wight is lightly damaged. (Press . to intensify the flame waves.)
The wight barely misses you. The wight misses you.
A wave of flame ripples out!
The flame wave engulfs the wight.
The wight is heavily damaged.
The flame wave engulfs the wight!
The wight is heavily damaged.
The wight misses you. x2
A wave of flame ripples out!
The flame wave engulfs the wight but does no damage.
The wight is heavily damaged.
The flame wave engulfs the wight.
The wight is severely damaged.
You finish channelling waves of flame.
The wight barely misses you. The wight misses you.
Casting: Flame Wave (dangerous; 11% risk of failure)
Confirm with . or Enter, or press ? or * to list all spells.
Flames lash the hound.
The hound is heavily wounded.
The hound's fire resistance burns away.
The wight hits you from afar with a +0 halberd!
* * * LOW HITPOINT WARNING * * *
The wight hits you with a +4 scimitar!
* * * LOW HITPOINT WARNING * * *
You feel drained.
* * * LOW HITPOINT WARNING * * *
Okay, then.
You feel yourself speed up. The hound bites you.
* * * LOW HITPOINT WARNING * * *
The wight misses you. The wight closely misses you.
The hound completely misses you. The wight completely misses you.
The wight hits you with a +4 scimitar! Zin protects you from harm!
Zin grants you divine stamina. The hound closely misses you.
The wight hits you from afar with a +0 halberd!
You die...

##.# .# .#.# #.# .#.#
..## # .#.# ##### #....#
# .#.# ...#####.##.#.#
.#.# #......)......
##.#######.......z..#.#
...##..........hz...$.#
#####...........@.....#
#.........).......#
#........)..........
#####........####+##.###
..........>#......# #
##########.######## .
..............# ##
#######.#####.# #.#


You could see a hound (combustible) and 2 wights.

Vanquished Creatures
  Sigmund (D:4)
  Duvessa (D:4)
  A water moccasin (D:7)
  3 ice beasts
  A black bear (D:6)
  A sky beast (D:7)
  2 ogres
  A centaur (D:7)
  3 phantoms
  3 kobold brigands
  A bullfrog (D:6)
  A scorpion (D:5)
  Dowan (D:4)
  A gnoll bouda (D:6)
  5 hounds
  4 iguanas
  2 sleepcaps
  7 orc wizards
  4 gnolls (D:6)
  5 river rats (Sewer)
  14 adders
  A shadow imp (D:6)
  5 worms
  3 dart slugs
  18 orcs
  8 ball pythons
  3 bats
  13 endoplasms
  4 giant cockroaches
  5 goblins
  4 hobgoblins
  3 jackals (D:2)
  5 quokkas
  3 frilled lizards
  19 kobolds
  9 rats
165 creatures vanquished.

Vanquished Creatures (collateral kills)
  A foxfire (D:4)
1 creature vanquished.

Vanquished Creatures (others)
  287 foxfires
287 creatures vanquished.

Grand Total: 453 creatures vanquished

Notes
Turn   | Place    | Note
-------+----------+-------------------------------------------
     0 | D:1      | croobank the Gnoll Fire Elementalist began the quest for
                  | the Orb.
     0 | D:1      | Reached XP level 1. HP: 13/13 MP: 6/6
   104 | D:1      | Found a faded altar of an unknown god.
   113 | D:1      | Prayed at the altar of an unknown god.
   113 | D:1      | Became a worshipper of Zin the Law-Giver
   113 | D:1      | Reached * piety under Zin
   232 | D:1      | Reached XP level 2. HP: 19/19 MP: 4/7
   237 | D:1      | Learned a level 2 spell: Scorch
   526 | D:1      | Reached ** piety under Zin
  1082 | D:2      | Found a blossoming altar of Fedhas.
  1086 | D:2      | Reached skill level 5 in Spellcasting
  1086 | D:2      | Reached XP level 3. HP: 25/25 MP: 7/9
  1305 | D:2      | Reached skill level 1 in Invocations
  1811 | D:2      | Reached skill level 1 in Fighting
  1811 | D:2      | Reached skill level 1 in Short Blades
  1811 | D:2      | Reached skill level 1 in Long Blades
  1811 | D:2      | Reached skill level 1 in Axes
  1811 | D:2      | Reached skill level 1 in Maces & Flails
  1811 | D:2      | Reached skill level 1 in Polearms
  1811 | D:2      | Reached skill level 1 in Staves
  1811 | D:2      | Reached skill level 1 in Ranged Weapons
  1811 | D:2      | Reached skill level 1 in Throwing
  1811 | D:2      | Reached skill level 1 in Armour
  1811 | D:2      | Reached skill level 1 in Shields
  1811 | D:2      | Reached skill level 1 in Unarmed Combat
  1811 | D:2      | Reached skill level 1 in Evocations
  1908 | D:2      | Reached XP level 4. HP: 32/32 MP: 7/11
  1913 | D:2      | Learned a level 3 spell: Inner Flame
  1940 | D:2      | Reached *** piety under Zin
  1946 | D:2      | Learned a level 4 spell: Flame Wave
  2534 | D:3      | Reached skill level 1 in Hexes
  2534 | D:3      | Reached skill level 1 in Summonings
  2534 | D:3      | Reached skill level 1 in Necromancy
  2534 | D:3      | Reached skill level 1 in Translocations
  2534 | D:3      | Reached skill level 1 in Transmutations
  2534 | D:3      | Reached skill level 1 in Ice Magic
  2534 | D:3      | Reached skill level 1 in Air Magic
  2534 | D:3      | Reached skill level 1 in Earth Magic
  2534 | D:3      | Reached skill level 1 in Poison Magic
  3090 | D:4      | Noticed Duvessa
  3092 | D:4      | Noticed Dowan
  3107 | D:4      | Killed Duvessa
  3108 | D:4      | Reached XP level 5. HP: 15/38 MP: 1/12
  3112 | D:4      | Killed Dowan
  3113 | D:4      | Reached skill level 5 in Dodging
  3113 | D:4      | Reached XP level 6. HP: 9/44 MP: 8/14
  3266 | D:4      | Noticed Sigmund
  3274 | D:4      | Killed Sigmund
  3275 | D:4      | Reached XP level 7. HP: 50/50 MP: 12/15
  3275 | D:4      | Found an ancient bone altar of Kikubaaqudgha.
  3857 | D:4      | Reached skill level 5 in Stealth
  4229 | D:5      | Entered Level 5 of the Dungeon
  4341 | D:5      | Found a staircase to the Ecumenical Temple.
  4465 | D:5      | Reached XP level 8. HP: 44/58 MP: 3/16
  4881 | D:5      | Found a glowing drain.
  4897 | Sewer    | Entered a sewer
  6364 | D:6      | Found a blossoming altar of Fedhas.
  6573 | D:6      | Reached XP level 9. HP: 65/65 MP: 18/18
  6875 | D:6      | Found an opulent altar of Gozag.
  6920 | D:6      | Found a shimmering altar of Xom.
  6986 | D:6      | Found a shimmering altar of Xom.
  6986 | D:6      | Found a shimmering altar of Xom.
  6987 | D:6      | Found a shimmering altar of Xom.
  7009 | D:6      | Found a shimmering altar of Xom.
  7009 | D:6      | Found a shimmering altar of Xom.
  7009 | D:6      | Found a shimmering altar of Xom.
  7009 | D:6      | Found a shimmering altar of Xom.
  7725 | D:7      | Learned a level 5 spell: Arcjolt
  7913 | D:7      | Reached skill level 5 in Invocations
  7950 | D:7      | Reached **** piety under Zin
  7967 | D:7      | Zin protects you from harm!
  7968 | D:7      | Slain by a wight

Illustrated notes

Levels and vault maps discovered:
D:1:      lightli_arrival_noodles, layout_loops_ring,
          dreamdust_ecumenical_altar_statues, dk_noncrumbling_2
D:2:      layout_basic, basic_altar, reono_crystal_passage
D:3:      layout_basic
D:4:      layout_loops_ring, nicolae_overflow_crystal_walls, uniq_duvessa,
          uniq_sigmund
D:5:      layout_gridville, minmay_temple_entry_drinking_statues,
          gup_sewer_entry_glass, minmay_misc_feat_rows
D:6:      layout_gridville, xom_redecorated, lemuel_tele_altar,
          grunt_gozag_statues
D:7:      layout_basic, nicolae_overflow_hidden_temple, serial_shops,
          kennysheep_little_box, hangedman_decor_lopped

Skill      XL: |  1  2  3  4  5  6  7  8  9 |
---------------+----------------------------+-----
Conjurations   | 2 3 4 |  4.3
Spellcasting   | 5 6 |  6.8
Invocations    | 1 2 3 4 5 |  5.0
Fighting       | 1 2 3 4 |  4.5
Short Blades   | 1 2 3 4 |  4.5
Long Blades    | 1 2 3 4 |  4.5
Axes           | 1 2 3 4 |  4.5
Maces & Flails | 1 2 3 4 |  4.5
Polearms       | 1 2 3 4 |  4.5
Staves         | 1 2 3 4 |  4.5
Ranged Weapons | 1 2 3 4 |  4.5
Throwing       | 1 2 3 4 |  4.5
Armour         | 1 2 3 4 |  4.5
Shields        | 1 2 3 4 |  4.5
Unarmed Combat | 1 2 3 4 |  4.5
Evocations     | 1 2 3 4 |  4.5
Hexes          | 1 2 3 |  3.7
Summonings     | 1 2 3 |  3.7
Necromancy     | 1 2 3 |  3.7
Translocations | 1 2 3 |  3.7
Transmutations | 1 2 3 |  3.7
Ice Magic      | 1 2 3 |  3.7
Air Magic      | 1 2 3 |  3.7
Earth Magic    | 1 2 3 |  3.7
Poison Magic   | 1 2 3 |  3.7
Dodging        | 5 6 |  6.5
Stealth        | 5 6 |  6.2
Fire Magic     | 6 |  6.7

Action                     |  1- 3 |  4- 6 |  7- 9 || total
---------------------------+-------+-------+-------++-------
  Melee: Dagger            |    15 |     8 |    29 ||    52
         Bite              |       |     1 |    12 ||    13
         Punch             |       |       |     4 ||     4
         Quick blade       |       |       |    34 ||    34
   Fire: Sling             |       |    24 |       ||    24
  Throw: Boomerang         |     1 |       |       ||     1
   Cast: Foxfire           |    29 |     2 |   139 ||   170
         Scorch            |    14 |    21 |    90 ||   125
         Flame Wave        |       |       |     5 ||     5
         Arcjolt           |       |       |     4 ||     4
 Invoke: Recite            |       |     1 |     1 ||     2
         Vitalisation      |       |     1 |     1 ||     2
    Use: Scroll            |     7 |     2 |    13 ||    22
         Potion            |       |     2 |     1 ||     3
   Stab: Sleeping          |     7 |     1 |     4 ||    12
 Armour: Robe              |     3 |     1 |    13 ||    17
  Dodge: Dodged            |     9 |     8 |    82 ||    99
